Map: Floresta Cibernética LE

Players

handvoid

  • Race: Terran Terran
  • League: Gold
  • Spawn Location: 5:00

Fenrir - Winner!

  • Race: Terran Terran
  • League: Gold
  • Spawn Location: 11:00

VOD

Have the link to the VOD?

Description

Time

  • Played on: March 19, 2019, 7:17 p.m.
  • Length: 6:37
Show
View Real Time Build Order
Export as new Build Order

handvoid Terran 

Build Orders:  

Get SALT Encoding   

  12  0:00  SCV  
  13  0:15  Supply Depot  
  13  0:17  SCV  
  14  0:29  SCV  
  15  0:38  Barracks  
  15  0:41  SCV  
  16  1:00  SCV  
  17  1:07  Refinery  
  17  1:11  Refinery  
  17  1:12  SCV  
  18  1:30  Orbital Command  
  18  1:46  Reaper  
  19  1:57  Supply Depot  
  19  1:58  SCV  
  20  2:04  Factory  
  20  2:10  SCV  
  20  2:11  Supply Depot  
  21  2:24  Barracks  
  21  2:33  SCV  
  21  2:36  Reaper  
  23  2:45  SCV  
  23  2:46  Factory  
  24  2:58  SCV  
  25  2:59  Supply Depot  
  25  3:00  Factory Tech Lab  
  25  3:08  Barracks Reactor  
  25  3:11  SCV  
  26  3:32  Siege Tank  
  26  3:33  Factory Reactor  
  28  3:38  SCV  
  28  3:40  Starport  
  29  3:43  Barracks Tech Lab  
  29  3:56  Command Center  
  29  4:14  Widow Mine x2  
  29  4:15  Siege Tank  
  36  4:19  Supply Depot  
  36  4:21  Starport Tech Lab  
  36  4:29  Engineering Bay  
  36  4:30  Marine  
  37  4:33  Marine  
  38  4:47  Medivac  
  38  4:58  Siege Tank  
  41  5:19  Marine x2  
  41  5:20  Marauder  
  41  5:21  SCV  
  46  5:30  Siege Tank  
  46  5:34  Supply Depot  
  38  6:18  Marine x2  
  40  6:33  Missile Turret  
Show
View Real Time Build Order
Export as new Build Order

Fenrir Terran - Winner!

Build Orders:  

Get SALT Encoding   

  12  0:00  SCV  
  13  0:15  Supply Depot  
  13  0:19  SCV  
  14  0:31  Refinery  
  14  0:41  Barracks  
  14  0:49  SCV  
  15  1:02  Supply Depot, SCV  
  16  1:14  SCV  
  17  1:22  Refinery  
  17  1:29  Reaper  
  17  1:38  Orbital Command  
  17  1:58  Factory  
  17  2:03  SCV  
  18  2:11  Barracks Tech Lab  
  18  2:15  SCV  
  19  2:27  SCV  
  20  2:48  Barracks Tech Lab  
  20  2:51  Starport  
  20  2:53  SCV  
  20  2:55  Siege Tank  
  24  3:05  SCV  
  25  3:11  Marine  
  26  3:18  Command Center  
  26  3:26  SCV  
  27  3:29  Marine  
  28  3:38  SCV  
  29  3:53  Supply Depot  
  29  4:00  Starport Reactor  
  29  4:03  Marine  
  29  4:05  SCV  
  31  4:14  Siege Tank  
  34  4:19  Liberator, Engineering Bay  
  34  4:21  Marauder  
  34  4:24  Combat Shield  
  36  4:31  Barracks  
  39  4:44  Orbital Command  
  39  4:53  Missile Turret  
  39  5:00  Missile Turret  
  39  5:01  Liberator  
  39  5:04  SCV  
  39  5:20  Marine  
  43  5:23  SCV  
  43  5:25  SCV  
  45  5:37  Marine  
  43  6:13  Marine  
Tags
 
Add a new tag
Caveats
  • Supply blocks, unpowered buildings, or Contaminate may cause inaccurate times.
  • Supply counts are checked every 10 seconds.